 Dungeon Crawl Stone Soup version 0.25.0-9-g26727b657a (webtiles) character file.

Game seed: 8473109354614535185

2942 Flugkiller the Cleaver (level 9, -11/82 HPs)
             Began as a Deep Dwarf Fighter on June 20, 2020.
             Was a Follower of Makhleb.
             Killed by the air
             ... invoked by Gastronok
              (21 damage)
             ... on level 1 of the Lair of Beasts.
             The game lasted 00:03:38 (5169 turns).

Flugkiller the Cleaver (Deep Dwarf Fighter)         Turns: 5169, Time: 00:03:38

Health: -11/82     AC: 18    Str: 22    XL:     9   Next: 51%
Magic:  5/5        EV:  3    Int: 10    God:    Makhleb [*.....]
Gold:   358        SH: 21    Dex: 12    Spells: 8/8 levels left

rFire    . . .     SeeInvis .   a - +0 war axe
rCold    . . .     Gourm    .   K - +0 tower shield
rNeg     . . .     Faith    .   c - +0 plate armour
rPois    +         Spirit   .   u - +0 helmet
rElec    .         Reflect  +   g - +0 cloak
rCorr    .         Harm     .   C - +0 pair of gloves
MR       +....                  F - +0 pair of boots
Stlth    ..........             k - amulet of reflection
HPRegen  0.00/turn              (no ring)
MPRegen  0.09/turn              o - ring of poison resistance

@: non-regenerating, slowed, very slow
A: damage resistance, heal wounds, sense surroundings 2, no regeneration
a: Heal Wounds, Renounce Religion


You were on level 1 of the Lair of Beasts.
You worshipped Makhleb.
Makhleb was aware of your devotion.
You were very hungry.

You visited 3 branches of the dungeon, and saw 12 of its levels.

You collected 358 gold pieces.

Inventory:

Hand Weapons
 a - a +0 war axe (weapon)
Missiles
 y - 2 throwing nets (quivered)
Armour
 c - a +0 plate armour (worn)
   (You took it off an orc warrior on level 9 of the Dungeon)
 g - a +0 cloak (worn)
   (You took it off Crazy Yiuf on level 4 of the Dungeon)
 u - a +0 helmet (worn)
   (You found it on level 7 of the Dungeon)
 C - a +0 pair of gloves (worn)
   (You found it on level 7 of the Dungeon)
 F - a +0 pair of boots (worn)
   (You found it on level 8 of the Dungeon)
 K - a +0 tower shield (worn)
   (You found it on level 9 of the Dungeon)
Jewellery
 k - an amulet of reflection (around neck)
   (You found it on level 2 of the Dungeon)
 o - a ring of poison resistance (right hand)
   (You found it on level 8 of the Dungeon)
Wands
 i - a wand of enslavement (7)
   (You found it on level 5 of the Dungeon)
 v - a wand of digging (4)
   (You found it on level 9 of the Dungeon)
Scrolls
 f - 3 scrolls of magic mapping
 p - a scroll of fog
 t - 8 scrolls of teleportation
 x - a scroll of remove curse
Potions
 d - 2 potions of might
 h - 2 potions of flight
 l - 4 potions of brilliance
 m - 2 potions of lignification
 n - 2 potions of resistance
 q - 4 potions of curing
 w - 3 potions of heal wounds
 D - 2 potions of invisibility
 H - a potion of magic
Comestibles
 e - 11 rations


   Skills:
 + Level 5.9 Fighting
 * Level 9.2 Axes
 + Level 7.2 Armour
 + Level 7.0 Shields
 + Level 3.9 Invocations


You had 8 spell levels left.
You didn't know any spells.
Your spell library was empty.

Dungeon Overview and Level Annotations

Branches:
Dungeon (10/15)            Temple (1/1) D:5            Lair (1/6) D:9
    Orc: D:9-12

Altars:
Ashenzari
Cheibriados
Dithmenos
Elyvilon
Fedhas
Gozag
Hepliaklqana
Kikubaaqudgha
Makhleb
Nemelex Xobeh
Okawaru
Qazlal
Ru
Sif Muna
Trog
Uskayaw
Vehumet
Wu Jian
Xom
Yredelemnul
Zin
The Shining One

Shops:
D:4 ?   D:6 *   D:9 :

Annotations:
Lair:1 Gastronok


Innate Abilities, Weirdness & Mutations

You are resistant to damage.
You can heal yourself by infusing magical energy.
You passively map the area around you.
You do not regenerate.


Message History

You are too injured to fight recklessly!
Your magical essence is drained by the effort!
You feel much better. You block the quokka's attack.
The water moccasin bites you but does no damage.
You block the quokka's attack.
The water moccasin bites you but does no damage.
Gastronok waves his eye-stalks in wide circles.
The air twists around and strikes you!!
* * * LOW HITPOINT WARNING * * *
You completely miss Gastronok.
Gastronok is moderately wounded.
Your shield and plate armour prevent you from hitting the quokka.
You miss the water moccasin. You block the water moccasin's attack.
The quokka bites you but does no damage.
The water moccasin bites you but does no damage.
You block the quokka's attack. You block the water moccasin's attack.
The quokka bites you but does no damage.
Gastronok waves his eye-stalks in wide circles.
The air twists around and strikes you!!
You die...

, , ,* * , , , ,
.....>....## , ,
, ,
...........### ,
...........#.#.
, ,,
...............,
, , ,^
.............# ,
, ,,
............# ,
,, .......wr...#
* *, * ,
......S@....# ,
, ...........##
* ...........#
,* ........#..##
, ,,
,.......#....###
*, , *
...##..##.....#
, * * ..P*###
##...## , ,, **
.., ##..# , **
,* #..##


You could see Gastronok (swift), a water moccasin and a quokka (summoned).

Vanquished Creatures
  2 wyverns (D:9)
  A hungry ghost (D:9)
  An ice beast (D:6)
  A swamp drake (D:9)
  A sky beast (D:5)
  An orc warrior (D:9)
  A centaur (D:5)
  2 ogres
  2 crocodiles (D:9)
  A big kobold (D:8)
  4 bullfrogs
  A water moccasin zombie (D:9)
  4 scorpions
  8 killer bees (D:9)
  A howler monkey (D:7)
  An electric eel (D:7)
  4 crimson imps
  4 hounds
  A bullfrog zombie (D:6)
  Crazy Yiuf (D:4)
  A jelly (D:9)
  An orc priest (D:9)
  2 bullfrog skeletons
  An iguana (D:9)
  8 worker ants
  2 hound skeletons (D:8)
  8 adders
  A shadow imp (D:6)
  An adder skeleton (D:5)
  2 adder zombies
  2 dart slugs (D:1)
  2 leopard geckos
  5 orcs
  3 bats
  4 giant cockroaches
  5 hobgoblins
  12 jackals
  2 quokkas
  2 frilled lizards
  A jackal skeleton (D:5)
  6 kobolds
  A leopard gecko skeleton (D:4)
  A leopard gecko zombie (D:5)
  2 quokka skeletons
  4 rats
121 creatures vanquished.

Vanquished Creatures (others)
  A hound (D:8)
  2 kobolds (D:8)
3 creatures vanquished.

Grand Total: 124 creatures vanquished

Notes
Turn   | Place    | Note
-------+----------+-------------------------------------------
     0 | D:1      | Flugkiller the Deep Dwarf Fighter began the quest for the
                  | Orb.
     0 | D:1      | Reached XP level 1. HP: 20/20 MP: 1/1
   166 | D:1      | Reached XP level 2. HP: 27/27 MP: 2/2
   355 | D:2      | Reached skill level 3 in Axes
   355 | D:2      | Reached XP level 3. HP: 28/34 MP: 3/3
   509 | D:4      | Found Poru's Magic Scroll Boutique.
   526 | D:4      | Noticed a scorpion
   530 | D:4      | Reached XP level 4. HP: 29/42 MP: 4/4
   550 | D:4      | Noticed an ogre
   563 | D:4      | Killed an ogre
   563 | D:4      | Reached skill level 4 in Axes
   563 | D:4      | Reached XP level 5. HP: 32/49 MP: 4/4
   614 | D:5      | Entered Level 5 of the Dungeon
   901 | D:4      | Found a runed translucent door.
   902 | D:4      | Noticed Crazy Yiuf
  1003 | D:4      | Reached XP level 6. HP: 50/57 MP: 5/5
  1153 | D:4      | Killed Crazy Yiuf
  1270 | D:5      | Reached skill level 5 in Axes
  1512 | D:5      | Noticed a sky beast
  1527 | D:5      | Killed a sky beast
  1527 | D:5      | Reached XP level 7. HP: 30/64 MP: 6/6
  1549 | D:5      | Reached skill level 5 in Armour
  1549 | D:5      | Reached skill level 5 in Shields
  1567 | D:5      | Found a staircase to the Ecumenical Temple.
  1600 | Temple   | Entered the Ecumenical Temple
  2028 | D:6      | Reached skill level 6 in Axes
  2122 | D:6      | Found Gozag's Platinum Reserve.
  2123 | D:6      | Found an opulent altar of Gozag.
  2173 | D:6      | Found a shimmering altar of Xom.
  2571 | D:7      | Found a hazy altar of Hepliaklqana.
  2575 | D:7      | Found a shadowy altar of Dithmenos.
  2579 | D:7      | Noticed a shadow
  2618 | D:7      | Reached XP level 8. HP: 58/73 MP: 6/6
  3064 | D:7      | Reached skill level 7 in Axes
  3071 | D:7      | Found a shattered altar of Ashenzari.
  3081 | D:7      | Found an iron altar of Okawaru.
  3435 | D:8      | Reached skill level 5 in Fighting
  3779 | D:8      | Found a burning altar of Makhleb.
  3902 | D:8      | Became a worshipper of Makhleb the Destroyer
  3939 | D:9      | Reached skill level 1 in Invocations
  3957 | D:9      | Found a white marble altar of Elyvilon.
  3983 | D:9      | Reached skill level 8 in Axes
  4130 | D:9      | Found Jaluak's Book Boutique.
  4199 | D:9      | Gained mutation: You passively map the area around you.
                  | [Deep Dwarf growth]
  4199 | D:9      | Reached XP level 9. HP: 42/81 MP: 7/7
  4547 | D:9      | Reached skill level 9 in Axes
  4548 | D:9      | Reached * piety under Makhleb
  4687 | D:9      | Found a staircase to the Lair.
  4798 | D:9      | Found a glowing golden altar of the Shining One.
  4978 | D:10     | Entered Level 10 of the Dungeon
  5088 | Lair:1   | Entered Level 1 of the Lair of Beasts
  5150 | Lair:1   | Noticed Gastronok
  5169 | Lair:1   | Killed from afar by Gastronok

Illustrated notes

Levels and vault maps discovered:
D:1:      evilmike_arrival_hilbert_curve, layout_loops_ring, minmay_tromino_i2
D:2:      minmay_diamond_boxcup, layout_basic,
          chequers_ecumenical_altar_simple_redux, minmay_tiny_reverse_x
D:3:      layout_loops_corners, minmay_misc_feat_iff, minmay_misc_feat_ornament,
          uniq_jessica, uniq_natasha, uniq_robin
D:4:      layout_cave_pools, serial_shops, shop, uniq_crazy_yiuf_cottage
D:5:      layout_loops_ring, temple_green, first_ration
D:6:      layout_basic, nicolae_gozag_zags_fifth_avenue, xom_butterflies,
          grunt_decor_arrowhead
D:7:      layout_basic, riverfiend_overflow_shadow_ancestor,
          amethyst_overflow_temple_binary, water_boxes_lemuel
D:8:      layout_loops_ring, kennysheep_mini_moat
D:9:      layout_small_grid, lemuel_round_altar, elyvilon_altar_4,
          erik_lair_dragon, serial_shops, nicolae_shop_crystal
D:10:     layout_cave_pools, orc_0_dummy, hangedman_ranch
          [blue_anna_fruit_fields]
Temple:   oiseaux_autumnal_temple
Lair:1:   layout_cave_pods, uniq_gastronok, uniq_sonja

Skill      XL: |  1  2  3  4  5  6  7  8  9 |
---------------+----------------------------+-----
Fighting       | 3 4 5 |  5.9
Axes           | 3 4 5 6 8 9 |  9.2
Armour         | 4 5 6 7 |  7.2
Shields        | 4 5 6 7 |  7.0
Invocations    | 2 3 |  3.9

Action                   |  1- 3 |  4- 6 |  7- 9 || total
-------------------------+-------+-------+-------++-------
Melee: War axe           |    77 |   131 |   427 ||   635
 Abil: Heal Wounds       |       |     3 |    13 ||    16
  Use: Scroll            |       |       |    18 ||    18
 Stab: Confused          |       |       |     2 ||     2
  Eat: Chunk             |       |     2 |    12 ||    14
       Ration            |       |       |     1 ||     1
Armor: Scale mail        |    44 |    34 |   130 ||   208
       Plate armour      |       |       |     8 ||     8
Dodge: Dodged            |    31 |    29 |   114 ||   174
Block: Kite shield       |    50 |    95 |   318 ||   463
       Reflection        |       |       |     9 ||     9
       Tower shield      |       |       |    72 ||    72
